 Dungeon Crawl Stone Soup version 0.29.0-4-gdea44cf6ec (webtiles) character file.

Game seed: 2401751714757845489

109 qw the Chopper (level 4, -5/39 HPs)
             Began as a Minotaur Berserker on Sept 6, 2022.
             Was a Believer of Trog.
             Slain by Sigmund
             ... wielding a +0 scythe
              (8 damage)
             ... on level 3 of the Dungeon.
             The game lasted 00:00:47 (2249 turns).

qw the Chopper (Minotaur Berserker)                 Turns: 2249, Time: 00:00:48

Health: -5/39      AC:  4    Str: 23    XL:     4   Next: 59%
Magic:  3/3        EV: 11    Int:  4    God:    Trog [**....]
Gold:   90         SH:  0    Dex: 10    Spells: 3/3 levels left

rFire   . . .      SeeInvis .   Y - +0 war axe
rCold   . . .      Faith    .   (no shield)
rNeg    . . .      Spirit   .   e - +0 leather armour
rPois   .          Reflect  .   (helmet restricted)
rElec   .          Harm     .   h - +0 cloak
rCorr   .          Rampage  .   (no gloves)
Will    .....                   (no boots)
Stlth   +.........              (no amulet)
HPRegen 0.13/turn               (no ring)
MPRegen 0.08/turn               (no ring)

@: on berserk cooldown, slowed, very slow
A: horns 2, retaliatory headbutt
a: Renounce Religion, Berserk, Trog's Hand


You were on level 3 of the Dungeon.
You worshipped Trog.
Trog was pleased with you.
You visited 1 branch of the dungeon, and saw 3 of its levels.

You collected 90 gold pieces.


Innate Abilities, Weirdness & Mutations

You have a pair of horns on your head.
You reflexively headbutt those who attack you in melee.


   Skills:
 - Level 3.6 Fighting
 + Level 6.5 Axes
 - Level 2.4 Armour
 - Level 2.1 Dodging


You had 3 spell levels left.
You didn't know any spells.
Your spell library was empty.

Inventory:

Hand Weapons
 j - a +0 whip
 Y - a +0 war axe (weapon)
Armour
 b - a +0 chain mail
 e - a +0 leather armour (worn)
 h - a +0 cloak (worn)
Jewellery
 d - a ring of ice
Wands
 f - a wand of digging (3)
Potions
 a - a potion of invisibility {unknown}
 c - a potion of lignification {unknown}
 i - a potion of resistance
 k - a potion of heal wounds {unknown}

Dungeon Overview and Level Annotations

Branches:
Dungeon (3/15)

Altars:

Annotations:
D:3 Sigmund


Message History

Sigmund flickers and vanishes!
Deactivating autopickup; reactivate with Ctrl-A.
2237 ||| INVOKING Berserk.
A red film seems to cover your vision as you go berserk!
You feel yourself moving faster!
You feel mighty!
The hobgoblin hits you but does no damage.
You closely miss the hobgoblin. The hobgoblin barely misses you.
You hear some strange, mumbled words.
Something tries to affect you, but you resist.
You slash the hobgoblin!
You kill the hobgoblin!
Trog accepts your kill.
You feel a strong urge to attack something.
You feel your anger nearly subside.
You are no longer berserk.
You are exhausted.
You feel yourself slow down.
You hear a zap.
The roots erupt in riotous growth!
The grasping roots grab you!
The now-empty wand crumbles to dust.
You are constricted.
You hear a shout!
You swing at nothing.
You are constricted. x2
You swing at nothing.
You hear some strange, mumbled words.
Something tries to affect you, but you resist.
You are constricted.
The grasping roots release their grip on you.
You swing at nothing.
Something hits you.
The orc shouts!
Something hits you.
You miss something. You headbutt something.
You hear some strange, mumbled words.
A magic dart appears from out of thin air!
The magic dart hits you.
You completely miss something. Something hits you!
You die...

#....#.### #.
#....#^..#### #.
########..).############
#. ####............# #.
#............# #.
#............# ##<
#.........?..# #..
#............# #..
#####@...........# #..
#....{...........# #..
#....o..########## #..
#.....#[...# #..
#....%####.# #.. #..!..#
.. #.. ..........# .#
....$.....# ..
............ .


You could see an orc.

Vanquished Creatures
  Ijyb (D:2)
  2 adders (D:2)
  A worm (D:2)
  A dart slug (D:3)
  An orc (D:3)
  6 bats
  2 endoplasms (D:1)
  2 giant cockroaches (D:1)
  12 goblins
  7 hobgoblins
  3 quokkas
  4 ball pythons
  3 frilled lizards
  6 kobolds
  5 rats
56 creatures vanquished.

Notes
Turn   | Place    | Note
-------+----------+-------------------------------------------
     0 | D:1      | qw the Minotaur Berserker began the quest for the Orb.
     0 | D:1      | Reached XP level 1. HP: 19/19 MP: 0/0
     0 | D:1      | 0 ||| qw: Version: 0.1-a-108-g9e35731
     0 | D:1      | 0 ||| qw: Game counter: 6213
     0 | D:1      | 0 ||| qw: Always use a shield: true
     0 | D:1      | 0 ||| qw: Do Orc after D:15 true
     0 | D:1      | 0 ||| qw: Do second Lair branch before Depths: true
     0 | D:1      | 0 ||| qw: Lair rune preference: random
     0 | D:1      | 0 ||| qw: Plans: Normal
     0 | D:1      | 0 ||| PLANNING D:1-11
    98 | D:1      | Reached skill level 4 in Axes
   154 | D:1      | Reached XP level 2. HP: 25/26 MP: 1/1
   267 | D:1      | 267 ||| SWAPPING to +0 war axe.
   268 | D:1      | 268 ||| DROPPING +0 hand axe.
   434 | D:1      | Found a faded altar of an unknown god.
   573 | D:1      | 573 ||| Stepping ~*~*~tactically~*~*~ (stealth).
   574 | D:1      | 574 ||| Stepping ~*~*~tactically~*~*~ (stealth).
   575 | D:1      | 575 ||| Stepping ~*~*~tactically~*~*~ (stealth).
   639 | D:1      | 639 ||| DROPPING +0 club.
   654 | D:1      | Reached ** piety under Trog
   700 | D:1      | Reached skill level 5 in Axes
   820 | D:1      | 820 ||| READING scroll labelled SIULUH HEOG.
   821 | D:1      | 821 ||| READING scroll labelled UBEDGH ZUSCHO.
   822 | D:1      | 822 ||| READING scroll labelled FAR RAGYOMOUGODUI.
   923 | D:1      | 923 ||| READING scroll labelled ROHETA HOEZOWN.
   924 | D:1      | 924 ||| READING scroll labelled BORYIXIATO.
   925 | D:1      | 925 ||| DRINKING 2 purple potions.
   954 | D:2      | 954 ||| STAIRDANCE
  1036 | D:2      | Reached XP level 3. HP: 31/31 MP: 2/2
  1085 | D:2      | 1085 ||| Stepping ~*~*~tactically~*~*~ (stealth).
  1140 | D:2      | 1140 ||| Stepping ~*~*~tactically~*~*~ (stealth).
  1148 | D:2      | 1148 ||| Stepping ~*~*~tactically~*~*~ (stealth).
  1151 | D:2      | 1151 ||| Stepping ~*~*~tactically~*~*~ (stealth).
  1154 | D:2      | 1154 ||| Stepping ~*~*~tactically~*~*~ (stealth).
  1182 | D:2      | 1182 ||| INVOKING Berserk.
  1230 | D:2      | 1230 ||| FLEEEEING.
  1231 | D:2      | 1231 ||| STAIRDANCE
  1398 | D:1      | 1398 ||| READING scroll labelled RYK YGIMAY.
  1402 | D:2      | 1402 ||| STAIRDANCE
  1505 | D:2      | 1505 ||| INVOKING Berserk.
  1751 | D:2      | 1751 ||| Stepping ~*~*~tactically~*~*~ (stealth).
  1752 | D:2      | Noticed Ijyb
  1753 | D:2      | 1753 ||| Stepping ~*~*~tactically~*~*~ (stealth).
  1758 | D:2      | 1758 ||| INVOKING Berserk.
  1760 | D:2      | Killed Ijyb
  1761 | D:2      | Reached skill level 6 in Axes
  1761 | D:2      | Reached XP level 4. HP: 39/39 MP: 3/3
  1987 | D:2      | 1987 ||| UPGRADING to +0 leather armour.
  1997 | D:2      | 1997 ||| DROPPING +0 animal skin.
  1998 | D:2      | 1998 ||| UPGRADING to +0 cloak.
  2003 | D:2      | 2003 ||| READING scroll labelled KON OLLANUIL.
  2004 | D:2      | 2004 ||| READING scroll labelled OROFOO LEDAMPE.
  2228 | D:3      | Noticed Sigmund
  2231 | D:3      | 2231 ||| FLEEEEING.
  2232 | D:3      | 2232 ||| FLEEEEING.
  2233 | D:3      | 2233 ||| FLEEEEING.
  2234 | D:3      | 2234 ||| FLEEEEING.
  2237 | D:3      | 2237 ||| INVOKING Berserk.
  2247 | D:3      | HP: 7/39 [something (3)]
  2248 | D:3      | HP: 3/39 [something/magic dart (4)]
  2249 | D:3      | Slain by Sigmund

Levels and vault maps discovered:
D:1:      enne_arrival_octagon_isle, layout_loops_cross,
          shapermc_ecumenical_altar_totnotflames
D:2:      kennysheep_the_goblin_king, layout_rooms
D:3:      layout_basic, minitemple, lemuel_tele_altar, solitary_fountain,
          uniq_sigmund

Skill      XL: |  1  2  3 |
---------------+----------+-----
Axes           | 4 5 6 |  6.5
Fighting       | |  3.6
Armour         | |  2.4
Dodging        | |  2.1

Action                   |  1- 3 |  4- 6 || total
-------------------------+-------+-------++-------
Melee: Hand axe          |    22 |       ||    22
       Headbutt          |     6 |     1 ||     7
       War axe           |    48 |    26 ||    74
Invok: Berserk           |     3 |     1 ||     4
  Use: Scroll            |     6 |     2 ||     8
       Potion            |     1 |       ||     1
Armor: Animal skin       |    18 |       ||    18
       Leather armour    |       |     8 ||     8
Dodge: Dodged            |    26 |    16 ||    42

Table legend:
 A = Non-vault XP
 B = Vault XP
 C = Vault XP percentage of total XP
 D = Non-vault monster count
 E = Vault monster count
 F = Vault count percentage of total count
                 A         B        C        D         E       F
            +---------+---------+-------+---------+---------+-------
      Total |     107 |      49 |  31.4 |      49 |       7 |  12.5
            +---------+---------+-------+---------+---------+-------
        D:1 |      38 |       0 |   0.0 |      24 |       0 |   0.0
        D:2 |      47 |      49 |  51.0 |      13 |       7 |  35.0
        D:3 |      22 |       0 |   0.0 |      12 |       0 |   0.0
            +---------+---------+-------+---------+---------+-------
